 Dungeon Crawl Stone Soup version 0.23.1-37-gaa34b87 (webtiles) character file.

Game seed: 2872807694723761456

30 myga the Firebug (level 3, 0/29 (31) HPs)
             Began as an Ogre Fire Elementalist on Mar 25, 2019.
             Was a Follower of Kikubaaqudgha.
             Succumbed to poison (dark miasma)
             ... on level 2 of the Dungeon.
             The game lasted 00:09:11 (1125 turns).

myga the Firebug (Ogre Fire Elementalist)           Turns: 1125, Time: 00:09:13

HP:   0/29 (31)     AC:  3    Str: 12    XL:     3   Next: 18%
MP:   7/7           EV: 10    Int: 16    God:    Kikubaaqudgha [*.....]
Gold: 87            SH:  0    Dex: 10    Spells: 2/7 levels left

rFire    . . .     SeeInvis .   i - +0 rapier
rCold    . . .     Gourm    .   (no shield)
rNeg     . . .     Faith    .   a - +0 robe
rPois    .         Spirit   .   (helmet restricted)
rElec    .         Reflect  .   (no cloak)
rCorr    .         Harm     .   (gloves unavailable)
MR       .....                  (boots unavailable)
Stlth    ++........             (no amulet)
HPRegen  0.09/turn              (no ring)
MPRegen  0.10/turn              (no ring)

@: lethally poisoned (0 -> -26), hasted and slowed
A: large, unfitting armour, tough skin 1
a: Receive Corpses, Renounce Religion


You were on level 2 of the Dungeon.
You worshipped Kikubaaqudgha.
Kikubaaqudgha was aware of your devotion.
You were hungry.

You visited 1 branch of the dungeon, and saw 2 of its levels.

You collected 87 gold pieces.

Inventory:

Hand Weapons
 g - a +0 dagger
 h - a cursed +0 short sword
 i - a +0 rapier (weapon)
Armour
 a - a +0 robe (worn)
 b - a +1 hat
 e - a +0 robe
Scrolls
 f - a scroll of identify
 j - a scroll of teleportation
Comestibles
 c - 2 rations


   Skills:
 + Level 0.1 Fighting
 + Level 0.1 Short Blades
 + Level 2.0 Dodging
 + Level 1.6 Stealth
 + Level 2.8 Spellcasting
 + Level 1.1 Conjurations
 + Level 3.2 Fire Magic


You had 2 spell levels left.
You knew the following spells:

 Your Spells              Type           Power        Failure   Level  Hunger
a - Flame Tongue          Conj/Fire      #....        8%          1    #......
b - Throw Flame           Conj/Fire      #.....       12%         2    ##.....
c - Corpse Rot            Necr           N/A          28%         2    ##.....

Your spell library contained the following spells:

 Spells                   Type           Power        Failure   Level  Hunger
 Pain                     Necr           #...         19%         1    #......
 Sublimation of Blood     Necr           #.........   28%         2    ##.....
 Conjure Flame            Conj/Fire      #.......     24%         3    ###....
 Inner Flame              Hex/Fire       #.......     30%         3    ###....
 Regeneration             Chrm/Necr      #.........   50%         3    ###....
 Sticky Flame             Conj/Fire      #.......     61%         4    #####..
 Fireball                 Conj/Fire      #.........   91%         5    ######.


Dungeon Overview and Level Annotations

Branches:
Dungeon (2/15)

Altars:
Cheibriados
Kikubaaqudgha
Yredelemnul


Innate Abilities, Weirdness & Mutations

You are too large for most types of armour.
You have tough skin. (AC +1)


Message History

It was a potion of haste.
You feel yourself speed up.
* * * LOW HITPOINT WARNING * * *
You feel very sick.
You aren't carrying any potions.
Unknown command.
Okay, then.
Okay, then.
As you read the scroll labeled JOMOVI ZETAULL, it crumbles to dust.
It is a scroll of identify.
j - a scroll of teleportation
* * * LOW HITPOINT WARNING * * *
You feel sick.
Wear which item? (? for menu, Esc to quit)
Keep equipping yourself?
* * * LOW HITPOINT WARNING * * *
You feel sick.
You start putting on your armour.
You continue putting on your glowing hat.
You die...
Kikubaaqudgha rasps: "You have failed me!
Welcome... death!"

#.....# ##.....######.
#.....# #....### #.
#...... #....########.
###+###.............
###.....#.#.>.........
#.........#...........
.#.....#.############
###'###.# #...
#.@.##.# #.## #°.°##..
#.## #...##.# #.##
#°.°##.# #.## #._.# .#
#.## #°.°# #######.#.
##### #......... ##A##
#.#####.## ##### #.#
#.#


You could see a profane servitor.

Vanquished Creatures
  An adder (D:2)
  3 bats
  A giant cockroach (D:2)
  4 goblins
  3 hobgoblins
  2 kobolds (D:2)
  3 frilled lizards
  5 rats
22 creatures vanquished.

Vanquished Creatures (others)
  A giant cockroach (D:2)
1 creature vanquished.

Grand Total: 23 creatures vanquished

Notes
Turn   | Place    | Note
-------+----------+-------------------------------------------
     0 | D:1      | myga the Ogre Fire Elementalist began the quest for the
                  | Orb.
     0 | D:1      | Reached XP level 1. HP: 16/16 MP: 3/3
   243 | D:1      | Reached skill level 1 in Conjurations
   280 | D:1      | Reached skill level 3 in Fire Magic
   424 | D:1      | Reached XP level 2. HP: 24/24 MP: 2/5
   590 | D:2      | Learned a level 2 spell: Throw Flame
   593 | D:2      | Found a faded altar of an unknown god.
   610 | D:2      | Became a worshipper of Kikubaaqudgha
   610 | D:2      | Reached * piety under Kikubaaqudgha
   610 | D:2      | Identified Kikubaaqudgha's Catalogue of Unholy Rites
                  | (Kikubaaqudgha gifted it to you on level 2 of the Dungeon)
   610 | D:2      | Received a gift from Kikubaaqudgha
   621 | D:2      | Learned a level 2 spell: Corpse Rot
  1075 | D:2      | Reached XP level 3. HP: 28/31 MP: 7/7
  1077 | D:2      | Found a snail-covered altar of Cheibriados.
  1116 | D:2      | Found a basalt altar of Yredelemnul.
  1118 | D:2      | Noticed a profane servitor
  1125 | D:2      | Succumbed to poison (dark miasma)

Skill      XL: |  1  2 |
---------------+-------+-----
Conjurations   | 1 |  1.1
Fire Magic     | 3 |  3.2
Dodging        | 2 |  2.0
Fighting       | |  0.1
Short Blades   | |  0.1
Stealth        | |  1.6
Spellcasting   | |  2.8

Action                   || total
-------------------------++-------
Melee: Dagger            ||     6
       Club              ||     2
       Rapier            ||    46
 Cast: Flame Tongue      ||    19
       Throw Flame       ||     2
  Use: Scroll            ||     1
       Potion            ||     1
 Stab: Sleeping          ||     1
Armor: Robe              ||    20
Dodge: Dodged            ||    39
